 Dungeon Crawl Stone Soup version 0.19.5 (webtiles) character file.

15684 Chifra the Protected (level 12, 0/106 HPs)
             Began as a Minotaur Fighter on May 25, 2017.
             Was a High Priest of the Shining One.
             Slain by a sun demon (15 damage)
             ... summoned by an orc sorcerer
             ... on level 1 of the Orcish Mines.
             The game lasted 00:36:01 (11095 turns).

Chifra the Protected (Minotaur Fighter)            Turns: 11095, Time: 00:36:02

Health: 0/106      AC: 19    Str: 27      XL:     12   Next: 3%
Magic:  15/16      EV: 11    Int:  4 (6)  God:    the Shining One [*****.]
Gold:   617        SH: 19    Dex: 13      Spells: 0 memorised, 11 levels left

rFire  . . .     SeeInvis .     M - +3 morningstar (curse)
rCold  + . .     Gourm    .     D - +1 plate armour {rC+}
rNeg   + + .     Faith    .     c - +1 shield
rPois  +         Spirit   .     (helmet restricted)
rElec  .         Reflect  +     n - +1 cloak
rCorr  .         Harm     .     s - +0 pair of gloves
MR     +....                    (no boots)
Stlth  ..........               F - +5 amulet of reflection (curse)
                                H - ring of poison resistance
                                A - ring of protection from magic

@: mighty, about to teleport, glowing
A: retaliatory headbutt, horns 2
a: Divine Shield, Cleansing Flame, Summon Divine Warrior, Renounce Religion


You were on level 1 of the Orcish Mines.
You worshipped the Shining One.
The Shining One was extremely pleased with you.
You were not hungry.

You visited 3 branches of the dungeon, and saw 14 of its levels.

You collected 925 gold pieces.
You spent 308 gold pieces at shops.

Inventory:

Hand Weapons
 l - a +0 morningstar
 u - a +1 mace of holy wrath
 x - a +2 whip of flaming
 M - a cursed +3 morningstar (weapon)
Missiles
 L - 4 steel tomahawks (quivered)
Armour
 b - a +0 scale mail
 c - a +1 shield (worn)
 n - a +1 cloak (worn)
 s - a +0 pair of gloves (worn)
 D - a +1 plate armour of cold resistance (worn)
Jewellery
 y - an uncursed amulet of the gourmand
 A - a ring of protection from magic (left hand)
 F - a cursed +5 amulet of reflection (around neck)
 H - a ring of poison resistance (right hand)
Wands
 a - a wand of acid (5/15)
 o - a wand of paralysis (14/24)
 C - a wand of lightning (9/15)
 G - a wand of lightning (5/15)
Scrolls
 e - a scroll of magic mapping
 h - 2 scrolls of identify
 j - a scroll of immolation
 r - a scroll of remove curse
 t - a scroll of enchant weapon
 N - 3 scrolls of holy word {unknown}
Potions
 d - 2 potions of might
 g - a potion of agility
 k - a potion of flight
 m - 3 potions of brilliance
 p - 3 potions of curing
 v - a potion of cure mutation {unknown}
 w - a potion of resistance
 z - a potion of ambrosia {unknown}
 B - a potion of degeneration {unknown}
 E - a potion of invisibility {unknown}
Comestibles
 f - 9 bread rations
 q - 3 beef jerkies
 I - 4 fruits
 J - 4 meat rations
 K - a slice of pizza


   Skills:
 + Level 10.3 Fighting
 + Level 9.9 Maces & Flails
 + Level 10.6 Armour
 + Level 9.1 Dodging
 + Level 10.6 Shields
 + Level 6.7 Invocations
 - Level 2.1 Evocations


You had 11 spell levels left.
You didn't know any spells.

Dungeon Overview and Level Annotations

Branches:
Dungeon (11/15)            Temple (1/1) D:6            Lair (0/6) D:9
    Orc (2/2) D:11            Elf (0/3) Orc:2

Altars:
Ashenzari
Cheibriados
Dithmenos
Elyvilon
Fedhas
Gozag
Hepliaklqana
Kikubaaqudgha
Makhleb
Nemelex Xobeh
Okawaru
Qazlal
Ru
Sif Muna
Trog
Uskayaw
Vehumet
Xom
Yredelemnul
Zin
The Shining One
Beogh

Shops:
D:7 }   D:8 =   Orc:2 (

Annotations:
Orc:1 Nergalle


Innate Abilities, Weirdness & Mutations

You reflexively headbutt those who attack you in melee.
You have a pair of horns on your head.


Message History

Unknown command.
You bludgeon the orc!!
You kill the orc!
You block the sun demon's attack.
You sock the iron imp!
The iron imp is severely wounded.
The iron imp misses you. You block the sun demon's attack.
You block the ogre's attack.
Unknown command.
You impale the ogre!! You headbutt the ogre!
You kill the ogre!
You block the sun demon's attack. The iron imp barely misses you.
You furiously retaliate!
You headbutt the iron imp. The sun demon hits you.
You are engulfed in flames!
Unknown command.
As you read the scroll of teleportation, it crumbles to dust.
You feel strangely unstable. The sun demon hits you!
* * * LOW HITPOINT WARNING * * *
You are engulfed in flames!
You die...

.. ..#####
... ......#
.... ##.....#
....###.$....
...#.....#
#......#
##.45o.#
#.5o3# ##.3@#
#.### ##


You could see a sun demon, a neqoxec, a chaos spawn, an orc sorcerer, an iron
imp, an orc and an ufetubus.

Vanquished Creatures
  Erica (D:10)
  An unseen horror (D:9)
  Pikel (D:8)
  A hill giant (D:10)
  2 orc knights (D:11)
  2 cyclopes (Orc:1)
  A deep elf mage (D:11)
  Maurice (D:10)
  2 trolls
  2 two-headed ogres
  A hornet (D:10)
  3 hippogriffs
  2 wyverns
  12 yaks
  A wraith (D:11)
  A spriggan (D:9)
  A hungry ghost (D:11)
  The ghost of siprus the Unweaver, an amateur DsAK of Lugonu (D:3)
  2 vampire mosquitoes (D:11)
  A mottled dragon (D:10)
  2 ice beasts
  4 sky beasts
  9 orc warriors
  2 necrophages
  2 slaves (D:8)
  8 ogres
  A phantom (D:5)
  4 wolves (D:9)
  4 centaurs
  4 big kobolds (D:3)
  2 bullfrogs (D:8)
  3 scorpions
  A water moccasin skeleton (D:10)
  6 killer bees (D:8)
  A howler monkey (D:6)
  4 wights (D:11)
  4 crimson imps
  3 centaur zombies
  2 bullfrog zombies (D:10)
  12 hounds
  2 jellies
  10 orc priests
  A bullfrog skeleton (D:10)
  2 centaur skeletons
  3 iguanas
  Natasha (thrice) (D:3)
  14 orc wizards
  5 worker ants
  A hound zombie (D:11)
  6 gnolls (D:3)
  2 worker ant zombies (D:8)
  8 adders
  3 adder skeletons
  An adder zombie (D:9)
  4 worms
  A dart slug (D:1)
  4 leopard geckos
  53 orcs
  10 bats
  3 giant cockroaches
  6 goblins
  12 hobgoblins
  4 jackals (D:5)
  11 quokkas
  2 ball pythons
  6 frilled lizards
  2 gnoll zombies (D:7)
  42 kobolds
  A leopard gecko skeleton (D:7)
  A quokka skeleton (D:4)
  10 rats
350 creatures vanquished.

Vanquished Creatures (others)
  A slave (D:8)
  A centaur (D:11)
  3 orcs
  A jackal (D:9)
6 creatures vanquished.

Grand Total: 356 creatures vanquished

Notes
Turn   | Place    | Note
-------+----------+-------------------------------------------
     0 | D:1      | Chifra the Minotaur Fighter began the quest for the Orb.
     0 | D:1      | Reached XP level 1. HP: 19/19 MP: 0/0
   274 | D:1      | Reached XP level 2. HP: 22/27 MP: 1/1
   806 | D:2      | Reached skill level 1 in Dodging
   806 | D:2      | Reached XP level 3. HP: 33/33 MP: 2/2
   876 | D:2      | Found a stormy altar of Qazlal.
   876 | D:2      | Found a glowing golden altar of the Shining One.
   889 | D:2      | Became a worshipper of the Shining One
  1184 | D:2      | Found a shattered altar of Ashenzari.
  1270 | D:2      | Reached XP level 4. HP: 35/40 MP: 3/3
  1383 | D:3      | Found a snail-covered altar of Cheibriados.
  1433 | D:3      | Noticed Natasha
  1492 | D:3      | Killed Natasha
  1840 | D:3      | Noticed a big kobold
  1857 | D:3      | Reached XP level 5. HP: 44/46 MP: 4/4
  2066 | D:3      | Noticed Natasha
  2073 | D:3      | Killed Natasha
  2098 | D:3      | Noticed siprus's ghost (amateur DsAK)
  2098 | D:3      | Reached * piety under the Shining One
  2112 | D:3      | Killed siprus's ghost
  2112 | D:3      | Reached skill level 5 in Armour
  2112 | D:3      | Reached XP level 6. HP: 43/53 MP: 5/5
  2213 | D:3      | Reached skill level 5 in Fighting
  2252 | D:3      | Reached skill level 5 in Shields
  2621 | D:3      | Reached XP level 7. HP: 56/61 MP: 6/6
  2806 | D:3      | Noticed Natasha
  2814 | D:3      | Killed Natasha
  2814 | D:3      | Reached skill level 5 in Maces & Flails
  3083 | D:4      | Reached ** piety under the Shining One
  3668 | D:4      | Reached skill level 1 in Invocations
  3757 | D:5      | Entered Level 5 of the Dungeon
  3867 | D:5      | Found a snail-covered altar of Cheibriados.
  3985 | D:5      | Reached XP level 8. HP: 68/70 MP: 7/7
  4123 | D:5      | Found an iron altar of Okawaru.
  4521 | D:6      | Found an opulent altar of Gozag.
  4648 | D:6      | Found a hide-covered altar of Uskayaw.
  4694 | D:6      | Found a staircase to the Ecumenical Temple.
  4708 | Temple   | Entered the Ecumenical Temple
  4926 | D:6      | Found a deep blue altar of Sif Muna.
  5018 | D:7      | Reached skill level 5 in Dodging
  5177 | D:7      | Found a basalt altar of Yredelemnul.
  5215 | D:7      | Found Tufibire's Gadget Shop.
  5461 | D:7      | Found a white marble altar of Elyvilon.
  5566 | D:7      | Reached XP level 9. HP: 59/78 MP: 10/10
  5954 | D:8      | Reached skill level 1 in Evocations
  6257 | D:8      | Noticed Pikel
  6317 | D:8      | Killed Pikel
  6449 | D:8      | Reached *** piety under the Shining One
  6698 | D:8      | Found Takos's Jewellery Shoppe.
  6776 | D:8      | Reached XP level 10. HP: 71/88 MP: 12/12
  6783 | D:8      | Bought a cursed +5 amulet of reflection for 308 gold pieces
  7068 | D:9      | Found a staircase to the Lair.
  7330 | D:9      | Noticed an unseen horror
  7346 | D:9      | Killed an unseen horror
  7921 | D:9      | Reached **** piety under the Shining One
  7921 | D:9      | Reached skill level 5 in Invocations
  7955 | D:10     | Entered Level 10 of the Dungeon
  7985 | D:10     | Noticed Erica
  8002 | D:10     | Killed Erica
  8051 | D:10     | Found a glowing golden altar of the Shining One.
  8092 | D:10     | Noticed Maurice
  8121 | D:10     | Killed Maurice
  8477 | D:10     | Found a stormy altar of Qazlal.
  8500 | D:10     | Reached XP level 11. HP: 94/97 MP: 14/14
  8818 | D:10     | Noticed a hill giant
  8831 | D:10     | Killed a hill giant
  9401 | D:11     | Noticed an orc knight
  9476 | D:11     | Killed an orc knight
  9601 | D:11     | Found a staircase to the Orcish Mines.
  9607 | D:11     | Found a roughly hewn altar of Beogh.
  9669 | D:11     | Reached skill level 10 in Shields
 10010 | D:10     | Reached skill level 10 in Armour
 10089 | D:11     | Noticed a deep elf mage
 10101 | D:11     | Killed a deep elf mage
 10180 | D:11     | Noticed a four-headed hydra
 10325 | D:11     | Reached ***** piety under the Shining One
 10330 | D:11     | Reached skill level 10 in Fighting
 10483 | D:11     | Found a basalt altar of Yredelemnul.
 10614 | Orc:1    | Entered Level 1 of the Orcish Mines
 10813 | Orc:1    | Noticed an orc knight
 10856 | D:11     | Killed an orc knight
 11066 | Orc:1    | Noticed Nergalle
 11068 | Orc:1    | You fall through a shaft!
 11068 | Orc:2    | Entered Level 2 of the Orcish Mines
 11081 | Orc:2    | Found Qixanim's Antique Weapon Emporium.
 11084 | Orc:1    | Noticed an orc sorcerer
 11087 | Orc:1    | Reached XP level 12. HP: 87/106 MP: 14/16
 11095 | Orc:1    | Slain by a sun demon

Skill      XL: |  1  2  3  4  5  6  7  8  9 10 11 |
---------------+----------------------------------+-----
Armour         | 4 5 6 7 8 9 10 | 10.6
Dodging        | 1 2 3 4 5 6 7 9 |  9.1
Maces & Flails | 3 4 5 6 7 8 9 |  9.9
Fighting       | 4 5 6 7 9 10 | 10.3
Shields        | 4 5 6 7 8 9 10 | 10.6
Invocations    | 1 2 4 5 6 |  6.7
Evocations     | 2 |  2.1

Action                   |  1- 3 |  4- 6 |  7- 9 | 10-12 || total
-------------------------+-------+-------+-------+-------++-------
Melee: Flail             |   120 |   107 |       |       ||   227
       Headbutt          |    11 |    30 |    76 |   131 ||   248
       Whip              |       |    60 |   375 |   569 ||  1004
       Morningstar       |       |       |       |    89 ||    89
Invok: Divine Shield     |       |       |     1 |     3 ||     4
Evoke: Wand              |       |       |       |     4 ||     4
  Use: Potion            |       |     1 |     1 |     4 ||     6
       Scroll            |       |       |    21 |     7 ||    28
  Eat: Chunk             |     1 |     5 |    22 |     7 ||    35
       Beef jerky        |       |       |       |     1 ||     1
Armor: Scale mail        |    71 |   106 |   108 |    53 ||   338
       Plate armour      |       |       |       |    68 ||    68
Dodge: Dodged            |    44 |    88 |   111 |   114 ||   357
Block: Shield            |    73 |   164 |   206 |   478 ||   921
       Reflection        |       |       |       |    17 ||    17
